 Dungeon Crawl Stone Soup version 0.21.0-37-g46506fa (webtiles) character file.

499 Inarius the Chiller (level 6, -4/43 HPs)
             Began as a Demonspawn Ice Elementalist on Jan 30, 2018.
             Shot with a bolt by a big kobold (10 damage)
             ... in a sewer.
             The game lasted 00:09:22 (3162 turns).

Inarius the Chiller (Demonspawn Ice Elementalist)   Turns: 3162, Time: 00:09:23

Health: -4/43      AC: 11    Str:  8    XL:     6   Next: 94%
Magic:  11/11      EV: 12    Int: 19    God:
Gold:   215        SH:  0    Dex: 13    Spells: 8/12 levels left

rFire    . . .     SeeInvis .   m - -2 short sword (curse)
rCold    . . .     Gourm    .   (no shield)
rNeg     . . .     Faith    .   i - +0 leather armour
rPois    .         Spirit   .   (no helmet)
rElec    .         Reflect  .   (no cloak)
rCorr    .         Harm     .   f - +0 pair of gloves
MR       .....                  (no boots)
Stlth    ++........             (no amulet)
HPRegen  0.14/turn              l - +5 ring of protection
MPRegen  0.12/turn              k - ring of stealth

@: very slow
A: claws 1, slimy green scales 1, spiny 2
a: no special abilities


You were in a sewer.
You were not hungry.

You visited 1 branch of the dungeon, and saw 4 of its levels.
You also visited: Sewer.

You collected 215 gold pieces.

Inventory:

Hand Weapons
 d - a cursed -1 halberd
 m - a cursed -2 short sword (weapon)
Armour
 a - a +0 robe
 f - a +0 pair of gloves (worn)
 g - a +0 large shield
 i - a +0 leather armour (worn)
Jewellery
 k - a ring of stealth (right hand)
 l - a +5 ring of protection (left hand)
Scrolls
 n - 2 scrolls of teleportation
 p - a scroll of enchant armour
 q - a scroll of remove curse
 s - a scroll of blinking {unknown}
Potions
 e - a potion of might {unknown}
 h - 3 potions of heal wounds
 j - a potion of agility
 r - 3 potions of curing {unknown}
Books
 b - a book of Frost

   Spells                             Type                      Level
   a - Freeze                         Ice                          1
   b - Throw Frost                    Conjuration/Ice              2
   c - Ozocubu's Armour               Charms/Ice                   3
   d - Throw Icicle                   Conjuration/Ice              4
   e - Summon Ice Beast               Ice/Summoning                4
Comestibles
 c - 8 rations
 o - a chunk of flesh


   Skills:
 + Level 1.5 Fighting
 - Level 0.1 Short Blades
 - Level 2.0 Armour
 + Level 2.8 Dodging
 - Level 1.7 Stealth
 - Level 3.5 Spellcasting
   Level 1.0 Conjurations
 + Level 0.4 Charms
 * Level 5.3 Ice Magic


You had 8 spell levels left.
You knew the following spells:

 Your Spells              Type           Power        Failure   Level  Hunger
a - Freeze                Ice            ###.         2%          1    None
b - Ozocubu's Armour      Chrm/Ice       ##......     19%         3    ###....


Dungeon Overview and Level Annotations

Branches:
Dungeon (4/15)
 Temple: D:4-7

Altars:
Elyvilon
Gozag
Kikubaaqudgha
Okawaru
Yredelemnul


Innate Abilities, Weirdness & Mutations

You have sharp fingernails.
You are partially covered in slimy green scales. (AC +2)
You are mostly covered in sharp spines.


Message History

You enter the shallow water.
Moving in this stuff is going to be slow.
A worm and a big kobold come into view.
There are monsters nearby!
There are monsters nearby!
The big kobold shouts!
The big kobold wields a hand crossbow.
The big kobold shoots a bolt.
The bolt hits you!
You hear a splash.
You see here a bolt.
The big kobold shoots a bolt.
The bolt closely misses you.
You hear a splash.
The big kobold shoots a bolt.
The bolt hits you!
You see here a bolt.
You see here a bolt.
The big kobold shoots a bolt.
The bolt hits you!
* * * LOW HITPOINT WARNING * * *
You hear a splash.
The big kobold shoots a bolt.
The bolt hits you!
You die...

≈...≈##≈≈≈.####≈≈.≈≈#####
≈≈≈.≈.≈≈≈.## #####≈≈≈≈.#
......≈..## #######
...≈...≈.# .∩≈≈.≈≈≈≈#
...≈.≈≈≈≈# ≈.≈...≈≈≈##
####### ≈.≈≈≈≈.≈..##
#####w≈≈≈.#
≈≈..≈##≈...####.@((≈#
≈≈.≈####≈≈....≈≈###≈≈K≈.#
≈≈≈≈# #.≈≈≈≈.≈≈# #######
.≈≈≈≈ ##.≈≈≈≈≈≈#
#######≈≈≈≈ #####


You could see a big kobold and a worm.

Vanquished Creatures
  A phantom (D:4)
  An ogre (D:2)
  A big kobold (Sewer)
  A worker ant (D:4)
  3 gnolls (D:3)
  7 adders
  2 river rats (Sewer)
  4 oozes
  4 dart slugs
  5 leopard geckos
  6 orcs (D:3)
  7 giant cockroaches
  4 hobgoblins
  5 jackals
  11 kobolds
  A quokka (D:3)
  9 bats
  5 frilled lizards
  9 goblins
  11 rats
97 creatures vanquished.

Notes
Turn   | Place    | Note
-------+----------+-------------------------------------------
     0 | D:1      | Inarius the Demonspawn Ice Elementalist began the quest for the Orb.
     0 | D:1      | Reached XP level 1. HP: 13/13 MP: 3/3
   250 | D:1      | Reached skill level 3 in Ice Magic
   332 | D:1      | Gained mutation: You are partially covered in sharp spines. [demonic ancestry]
   332 | D:1      | Reached XP level 2. HP: 16/19 MP: 1/5
   806 | D:2      | Noticed an ogre
   817 | D:2      | Reached skill level 1 in Fighting
   817 | D:2      | Gained mutation: You have sharp fingernails. [demonic ancestry]
   817 | D:2      | Reached XP level 3. HP: 23/26 MP: 1/6
  1149 | D:2      | Found an iron altar of Okawaru.
  1224 | D:2      | Killed an ogre
  1224 | D:2      | Reached skill level 1 in Armour
  1224 | D:2      | Reached skill level 4 in Ice Magic
  1224 | D:2      | Gained mutation: You are partially covered in slimy green scales. (AC +2) [demonic ancestry]
  1224 | D:2      | Reached XP level 4. HP: 32/32 MP: 3/8
  1224 | D:2      | Gained mutation: You are mostly covered in sharp spines. [demonic ancestry]
  1224 | D:2      | Reached XP level 5. HP: 37/37 MP: 3/9
  1339 | D:2      | Learned a level 3 spell: Ozocubu's Armour
  1467 | D:2      | Found a basalt altar of Yredelemnul.
  2444 | D:3      | Found an ancient bone altar of Kikubaaqudgha.
  2452 | D:3      | Found an opulent altar of Gozag.
  2457 | D:3      | Found a white marble altar of Elyvilon.
  2589 | D:4      | Noticed a phantom
  2717 | D:4      | Reached XP level 6. HP: 43/43 MP: 5/10
  2879 | D:4      | Found a glowing drain.
  2899 | Sewer    | Entered a sewer
  3079 | Sewer    | Reached skill level 5 in Ice Magic
  3162 | Sewer    | Shot with a bolt by a big kobold

Skill      XL: |  1  2  3  4  5  6 |
---------------+-------------------+-----
Ice Magic      | 3 4 5 |  5.3
Fighting       | 1 |  1.5
Dodging        | 2 |  2.8
Armour         | 1 2 |  2.0
Spellcasting   | 3 |  3.5
Short Blades   | |  0.1
Stealth        | |  1.7
Conjurations   | |  1.0
Charms         | |  0.4

Action                   |  1- 3 |  4- 6 || total
-------------------------+-------+-------++-------
Melee: Dagger            |    29 |     1 ||    30
       Short sword       |       |   135 ||   135
 Cast: Freeze            |    40 |    26 ||    66
       Ozocubu's Armour  |       |     1 ||     1
  Use: Potion            |     2 |       ||     2
       Scroll            |       |     6 ||     6
 Stab: Sleeping          |     1 |     8 ||     9
  Eat: Chunk             |     1 |     7 ||     8
Armor: Robe              |     1 |       ||     1
       Leather armour    |     6 |    47 ||    53
Dodge: Dodged            |    32 |    84 ||   116
